 Dungeon Crawl Stone Soup version 0.27-a0-1572-gacd6f1ce93 (webtiles) character file.

Game seed: 3099286375896812572

93 Blejac999 the Grave Robber (level 4, -3/30 HPs)
             Began as a Mummy Necromancer on July 17, 2021.
             Slain by a kobold brigand (6 damage)
             ... on level 3 of the Dungeon.
             The game lasted 00:07:51 (2546 turns).

Blejac999 the Grave Robber (Mummy Necromancer)      Turns: 2546, Time: 00:07:52

Health: -3/30      AC:  5    Str: 11    XL:     4   Next: 36%
Magic:  1/10       EV: 12    Int: 15    God:
Gold:   67         SH:  0    Dex: 12    Spells: 3/12 levels left

rFire    x . .     SeeInvis .   (no weapon)
rCold    + . .     Faith    .   (no shield)
rNeg     + + +     Spirit   .   a - +0 robe
rPois    ∞         Reflect  .   (no helmet)
rElec    .         Harm     .   (no cloak)
rCorr    .         Rampage  .   c - +2 pair of gloves {Stlth+}
Will     .....                  (no boots)
Stlth    +++.......             (no amulet)
HPRegen  0.10/turn              (no ring)
MPRegen  0.12/turn              (no ring)

@: no status effects
A: cold resistance 1, negative energy resistance 3, torment resistance 2, heat
vulnerability 1, no potions
a: no special abilities


You were on level 3 of the Dungeon.
You visited 1 branch of the dungeon, and saw 3 of its levels.

You collected 67 gold pieces.

Inventory:

Armour
 a - a +0 robe (worn)
 c - a +2 pair of gloves of stealth (worn)
Scrolls
 b - a scroll of fog
 d - a scroll of identify


   Skills:
 + Level 1.5 Dodging
 + Level 1.7 Stealth
 * Level 4.5 Spellcasting
 * Level 0.9 Summonings
 * Level 4.6 Necromancy


You had 3 spell levels left.
You knew the following spells:

 Your Spells              Type           Power      Damage    Failure   Level
a - Pain                  Necr           68%        1d7       2%          1
b - Animate Skeleton      Necr           34%        N/A       2%          1
c - Summon Small Mammal   Summ           24%        N/A       12%         1
d - Vampiric Draining     Necr           8%         2d7       8%          3
e - Summon Guardian Gole  Hex/Summ       4%         N/A       38%         3

Your spell library contained the following spells:

 Spells                   Type           Power      Damage    Failure   Level
 Call Canine Familiar     Summ           6%         N/A       34%         3
 Stone Arrow              Conj/Erth      6%         3d7       45%         3
 Animate Dead             Necr           8%         N/A       26%         4
 Agony                    Necr           17%        N/A       56%         5
 Bolt of Magma            Conj/Fire/Erth 1%         4d4       99%         5
 Shatter                  Erth           1%         3d6*      100%        9


Dungeon Overview and Level Annotations

Branches:
Dungeon (3/15)

Altars:
Uskayaw


Innate Abilities, Weirdness & Mutations

You are immune to poison.
Your flesh is cold resistant. (rC+)
You are immune to negative energy. (rN+++)
You are immune to unholy pain and torment.
You are vulnerable to heat. (rF-)
You do not drink.


Message History

You hit the kobold brigand but do no damage.
The kobold brigand is severely wounded.
The kobold barely misses you. The kobold brigand barely misses you.
You hit the kobold brigand.
The kobold brigand is severely wounded.
The kobold hits you with a +0 club.
The kobold brigand hits you with a +0 dagger!
* * * LOW HITPOINT WARNING * * *
Unknown command.
The kobold brigand throws a poisoned dart.
The poisoned dart hits you!
There is a large open door here.
Things that are here:
a +0 club; a gnoll corpse You see here a +0 dagger.
Casting: Pain (safe; 2% risk of failure)
Confirm with . or Enter, or press ? or * to list all spells.
Aiming: Pain (safe; 2% risk of failure)
Press: ? - help, Shift-Dir - straight line, f/p - kobold brigand
Aim: a kobold brigand, wielding a +0 dagger and quivering poisoned darts (severely wounded, chance to affect: 76%)
The kobold brigand barely resists.
The kobold barely misses you.
Unknown command.
You miss the kobold brigand.
The kobold brigand is severely wounded.
The kobold brigand hits you but does no damage.
The kobold hits you but does no damage.
You closely miss the kobold brigand.
The kobold brigand is severely wounded.
The kobold brigand splashes around in the water.
The kobold closely misses you.
You hit the kobold brigand.
The kobold brigand is severely wounded.
The kobold brigand hits you with a +0 dagger.
* * * LOW HITPOINT WARNING * * *
The kobold hits you but does no damage.
Unknown command.
You closely miss the kobold brigand.
The kobold brigand is severely wounded.
The kobold brigand hits you with a +0 dagger.
You die...

# #.............)...#### #
##.#############..)... #####
####.###### ##.#### ....#
#.........# #.# # ###.#
#.###.#...#########.####
###.######.###.(.#.....>.........
................()(..............
.................(...............
≈.≈≈≈≈≈≈≈≈.≈≈.≈≈@K....≈≈≈.≈.≈≈.≈≈
≈≈≈≈≈≈≈≈≈≈≈≈≈≈≈≈K≈.....≈≈≈≈≈≈≈≈≈≈
≈≈≈≈≈≈≈≈≈≈≈≈≈≈≈≈≈≈....≈≈≈≈≈≈≈≈≈≈≈
≈≈≈≈≈≈≈≈≈≈≈≈≈≈≈≈≈≈.)...≈≈≈≈≈≈≈≈≈≈
###################)'############
#.... #....# ...... #....#
......#########....##
.............#..).).#


You could see a kobold brigand and a kobold.

Vanquished Creatures
  A gnoll (D:3)
  3 adders (D:2)
  2 dart slugs
  4 ball pythons
  3 bats
  3 endoplasms
  3 giant cockroaches
  3 goblins
  4 hobgoblins
  2 jackals (D:2)
  16 kobolds
  A quokka (D:2)
  2 frilled lizards
  2 rats
49 creatures vanquished.

Vanquished Creatures (collateral kills)
  A quokka (D:2)
1 creature vanquished.

Grand Total: 50 creatures vanquished

Notes
Turn   | Place    | Note
-------+----------+-------------------------------------------
     0 | D:1      | Blejac999 the Mummy Necromancer began the quest for the
                  | Orb.
     0 | D:1      | Reached XP level 1. HP: 13/13 MP: 4/4
    50 | D:1      | Learned a level 1 spell: Animate Skeleton
    52 | D:1      | Learned a level 1 spell: Summon Small Mammal
   280 | D:1      | Found a faded altar of an unknown god.
   301 | D:1      | Reached XP level 2. HP: 19/19 MP: 2/5
  1023 | D:2      | Found a hide-covered altar of Uskayaw.
  1096 | D:2      | Reached XP level 3. HP: 22/24 MP: 1/8
  1170 | D:2      | Learned a level 3 spell: Vampiric Draining
  1174 | D:2      | Learned a level 3 spell: Summon Guardian Golem
  1979 | D:3      | Reached XP level 4. HP: 30/30 MP: 5/10
  2491 | D:3      | Noticed a kobold brigand
  2546 | D:3      | Slain by a kobold brigand

Illustrated notes

Levels and vault maps discovered:
D:1:      dpeg_arrival_fog, layout_basic, hellmonk_ecumenical_altar_crossroads,
          minmay_misc_feat_nine_boxes
D:2:      layout_loops_ring, basic_altar
D:3:      minmay_goblin_kobold_castle, layout_loops_ring,
          makhleb_altar_promises_db

Skill      XL: |  1  2  3 |
---------------+----------+-----
Spellcasting   | 3 4 |  4.5
Dodging        | |  1.5
Stealth        | |  1.7
Summonings     | |  0.9
Necromancy     | |  4.6

Action                   |  1- 3 |  4- 6 || total
-------------------------+-------+-------++-------
Melee: Unarmed           |    11 |    12 ||    23
 Cast: Pain              |    69 |    36 ||   105
       Animate Skeleton  |     1 |     1 ||     2
       Vampiric Draining |       |     1 ||     1
  Use: Scroll            |     6 |       ||     6
 Stab: Sleeping          |     1 |       ||     1
Armor: Robe              |     4 |    11 ||    15
Dodge: Dodged            |    21 |    14 ||    35

Table legend: (Time is in decaauts)
 A = Elapsed time spent in this place.
 B = Non-inter-level travel time spent in this place.
 C = Inter-level travel time spent in this place.
 D = Time resting spent in this place.
 E = Time spent auto-exploring this place.
 F = Levels seen in this place.
 G = Mean time per level.
                   A        B        C        D        E       F      G
               +--------+--------+--------+--------+--------+-----+--------+
         Total |   2545 |   2537 |      8 |    575 |   1614 |   3 |  848.3 |
       Dungeon |   2545 |   2537 |      8 |    575 |   1614 |   3 |  848.3 |
               +--------+--------+--------+--------+--------+-----+--------+

Top non-repeatable levels by time:
     D:2: 1056 daAuts
     D:1: 793 daAuts
     D:3: 695 daAuts
